 Dungeon Crawl Stone Soup version 0.28-a0-1518-gbe868bca14 (webtiles) character file.

Game seed: 3387381127694062257

553 Crownlay the Caller (level 7, -11/32 HPs)
             Began as a Vine Stalker Summoner on Jan 16, 2022.
             Killed by divine providence
             ... invoked by an orc priest
              (15 damage)
             ... on level 5 of the Dungeon.
             The game lasted 00:09:37 (4821 turns).

Crownlay the Caller (Vine Stalker Summoner)         Turns: 4821, Time: 00:09:37

Health: -11/32     AC: 11    Str: 11    XL:     7   Next: 29%
Magic:  0/15       EV: 12    Int: 17    God:
Gold:   182        SH:  0    Dex: 14    Spells: 5/16 levels left

rFire   . . .      SeeInvis .   h - +0 trident
rCold   . . .      Faith    .   (no shield)
rNeg    . . .      Spirit   +   a - +0 robe
rPois   .          Reflect  .   s - +0 helmet
rElec   .          Harm     .   w - +1 cloak {rCorr}
rCorr   +          Rampage  .   x - +0 pair of gloves
Will    .....                   o - +0 pair of boots
Stlth   +++.......              (no amulet)
HPRegen 0.90/turn               l - ring of wizardry
MPRegen 0.14/turn               i - +4 ring of protection

@: no status effects
A: fangs 2, regeneration 1, magic shield, antimagic bite, no potion heal 2
a: no special abilities


You were on level 5 of the Dungeon.
You visited 1 branch of the dungeon, and saw 5 of its levels.

You collected 182 gold pieces.

Inventory:

Hand Weapons
 h - a +0 trident (weapon)
Armour
 a - a +0 robe (worn)
 o - a +0 pair of boots (worn)
 s - a +0 helmet (worn)
 w - a +1 cloak of preservation (worn)
 x - a +0 pair of gloves (worn)
Jewellery
 i - a +4 ring of protection (right hand)
 l - a ring of wizardry (left hand)
Wands
 t - a wand of iceblast (9)
 u - a wand of digging (9)
Scrolls
 c - 4 scrolls of teleportation
 d - a scroll of enchant armour {unknown}
 f - 3 scrolls of noise
 g - a scroll of fog {unknown}
 k - 2 scrolls of immolation
 m - a scroll of brand weapon {unknown}
 p - a scroll of silence {unknown}
 q - a scroll of identify
Potions
 b - 3 potions of curing {unknown}
 e - a potion of haste {unknown}
 j - 3 potions of flight
 n - a potion of invisibility {unknown}
 r - a potion of attraction {unknown}
 v - a potion of cancellation {unknown}


   Skills:
 - Level 1.9 Dodging
 + Level 4.5 Stealth
 * Level 5.2 Spellcasting
 + Level 6.2 Summonings


You had 5 spell levels left.
You knew the following spells:

 Your Spells              Type           Power      Damage    Failure   Level
a - Summon Small Mammal   Summ           100%       N/A       1%          1
b - Call Canine Familiar  Summ           25%        N/A       1%          3
c - Summon Guardian Gole  Hex/Summ       15%        N/A       4%          3
d - Summon Lightning Spi  Summ/Air       15%        N/A       16%         4

Your spell library contained the following spells:

 Spells                   Type           Power      Damage    Failure   Level
 Call Imp                 Summ           25%        N/A       1%          2
 Conjure Flame            Conj/Fire      4%         6-21      16%         3
 Ignite Poison            Fire/Tmut/Pois 4%         N/A       16%         3
 Sticky Flame             Conj/Fire      4%         2d3       45%         4


Dungeon Overview and Level Annotations

Branches:
Dungeon (5/15)
 Temple: D:4-7

Altars:

Shops:
D:3 (


Innate Abilities, Weirdness & Mutations

You have extremely sharp teeth.
Your natural rate of healing is unusually fast.
When hurt, damage is shared between your health and your magic reserves.
Your bite disrupts and absorbs the magic of your enemies.
Potions cannot restore your health.


Message History

Anything else - Cancel.
Gang up on whom?
Press: ? - help, Dir - move target, f - orc priest
Aim: an orc priest, wielding a +0 mace and wearing a +0 leather armour (ally target) Attack!
An orc priest comes into view. It is wielding a +0 club.
The orc priest looks encouraged for a moment.
The orc priest hits your hound with a +0 mace.
Your hound bites the orc priest but does no damage.
Your hound bites the orc priest.
The orc priest calls down the wrath of Beogh upon you.
Your hound writhes in agony!
The orc wizard gestures wildly while chanting.
The orc wizard flickers and vanishes!
Deactivating autopickup; reactivate with Ctrl-A.
Your hound barely misses the orc priest.
The orc priest calls down the wrath of Beogh upon you.
Beogh smites you!
Your hound bites the orc priest but does no damage.
Your hound bites the orc priest.
The orc priest mumbles some strange prayers to Beogh against you.
Beogh smites you!
* * * LOW HITPOINT WARNING * * *
Your hound bites the orc priest.
The orc priest hits your hound with a +0 mace.
Your hound bites the orc priest but does no damage.
A jelly comes into view.
The orc priest casts a cantrip, but nothing happens.
Your hound bites the orc priest.
The orc priest hits your hound with a +0 mace.
Your hound closely misses the orc priest.
The orc priest mumbles some strange prayers to Beogh against you.
Beogh smites you!
* * * LOW HITPOINT WARNING * * *
Your hound bites the orc priest but does no damage.
Found a stone staircase leading down.
Your hound barely misses the orc priest.
The orc priest mumbles some strange prayers to Beogh against you.
Beogh smites you!
You die...

#.....####. .>.##
##.......... .. #...#
....####... ... #...
#..## ##.. .... #..#.
# #..# ##.. ..{#
#..##.# #..###..<
ooo###..#..#
#...#....
#h9#...#..###........
#...@# #..#......##
###....# #....##.##
##......# ##.####..#
#........## #.##
##.## ###.......# #.#
##.# ##.###..#####.#
#.. #.# ###..##.##
##.. #.. #.....##
###..# .#
#.####.####...##


You could see 3 orc priests, a friendly guardian golem (summoned) and a friendly
hound (summoned, sheltered).

Vanquished Creatures
  A water moccasin skeleton (D:4)
  A hound (D:4)
  2 jellies
  An iguana (D:5)
  3 adders
  An ufetubus (D:3)
  5 dart slugs
  3 orcs (D:4)
  5 endoplasms
  4 giant cockroaches
  6 goblins
  3 hobgoblins
  A jackal (D:2)
  3 kobolds
  2 quokkas
  2 ball pythons (D:2)
  3 bats
  A frilled lizard (D:1)
  8 rats
55 creatures vanquished.

Vanquished Creatures (collateral kills)
  A sky beast (D:3)
  A scorpion (D:5)
  A bullfrog zombie (D:5)
  2 adders
  3 worms
  An endoplasm (D:2)
  2 jackals (D:2)
  2 kobolds
  A quokka (D:1)
  2 ball pythons
  5 goblins
21 creatures vanquished.

Vanquished Creatures (others)
  Crazy Yiuf (D:4)
  An orc priest (D:4)
  Robin (D:4)
  2 orcs (D:4)
  2 goblins (D:4)
  A hobgoblin (D:4)
  A quokka (D:4)
  A kobold (D:4)
10 creatures vanquished.

Grand Total: 86 creatures vanquished

Notes
Turn   | Place    | Note
-------+----------+-------------------------------------------
     0 | D:1      | Crownlay the Vine Stalker Summoner began the quest for the
                  | Orb.
     0 | D:1      | Reached XP level 1. HP: 9/9 MP: 4/4
    76 | D:1      | Found a faded altar of an unknown god.
   543 | D:1      | Reached XP level 2. HP: 13/13 MP: 3/6
  1303 | D:2      | Reached XP level 3. HP: 12/16 MP: 6/8
  1483 | D:2      | Learned a level 3 spell: Call Canine Familiar
  1487 | D:2      | Learned a level 3 spell: Summon Guardian Golem
  1858 | D:2      | Gained mutation: Your natural rate of healing is unusually
                  | fast. [Vine Stalker growth]
  1858 | D:2      | Reached XP level 4. HP: 21/21 MP: 9/9
  2150 | D:3      | Found Petaf's Weapon Emporium.
  2253 | D:3      | Identified the +0 ring mail "Iphev" {Drain SInv Stlth+}
  2567 | D:3      | Noticed a sky beast
  2578 | D:3      | Reached skill level 5 in Summonings
  2581 | D:3      | Killed a sky beast
  2582 | D:3      | Reached XP level 5. HP: 15/24 MP: 7/11
  3036 | D:4      | Noticed Robin
  3054 | D:4      | Killed Robin
  3055 | D:4      | Reached XP level 6. HP: 16/28 MP: 0/13
  3980 | D:4      | Found a runed translucent door.
  3981 | D:4      | Noticed Crazy Yiuf
  3998 | D:4      | Killed Crazy Yiuf
  3999 | D:4      | Reached skill level 6 in Summonings
  4127 | D:5      | Entered Level 5 of the Dungeon
  4139 | D:5      | Reached skill level 5 in Spellcasting
  4139 | D:5      | Reached XP level 7. HP: 24/32 MP: 11/15
  4195 | D:5      | Learned a level 4 spell: Summon Lightning Spire
  4821 | D:5      | Killed from afar by an orc priest

Illustrated notes

Levels and vault maps discovered:
D:1:      nzn_arrival_settlement, layout_loops_ring,
          chequers_ecumenical_altar_island, amcnicky_mini_corridor_feature
D:2:      layout_basic
D:3:      layout_basic, serial_shops, nicolae_shop_bloodbath_and_beyond
D:4:      layout_basic, uniq_crazy_yiuf_cottage, uniq_robin
D:5:      layout_layer_cave

Skill      XL: |  1  2  3  4  5  6 |
---------------+-------------------+-----
Stealth        | 3 4 |  4.5
Spellcasting   | 3 4 5 |  5.2
Summonings     | 5 6 |  6.2
Dodging        | |  1.9

Action                   |  1- 3 |  4- 6 |  7- 9 || total
-------------------------+-------+-------+-------++-------
Melee: Hand axe          |    31 |       |       ||    31
       Bite              |    16 |    18 |     6 ||    40
       Trident           |    58 |   107 |    13 ||   178
       Punch             |       |     1 |       ||     1
 Cast: Summon Small Mamm |     6 |       |       ||     6
       Call Canine Famil |     3 |    10 |     3 ||    16
       Summon Guardian G |       |     5 |     1 ||     6
  Use: Scroll            |     1 |     3 |       ||     4
 Stab: Sleeping          |     5 |     4 |     1 ||    10
Armor: Robe              |     9 |    73 |     6 ||    88
Dodge: Dodged            |    45 |    81 |     6 ||   132

Table legend: (Time is in decaauts)
 A = Elapsed time spent in this place.
 B = Non-inter-level travel time spent in this place.
 C = Inter-level travel time spent in this place.
 D = Time resting spent in this place.
 E = Time spent auto-exploring this place.
 F = Levels seen in this place.
 G = Mean time per level.
                   A        B        C        D        E       F      G
               +--------+--------+--------+--------+--------+-----+--------+
         Total |   4892 |   4755 |    137 |    267 |   3735 |   5 |  978.4 |
       Dungeon |   4892 |   4755 |    137 |    267 |   3735 |   5 |  978.4 |
               +--------+--------+--------+--------+--------+-----+--------+

Top non-repeatable levels by time:
     D:1: 1295 daAuts
     D:4: 1099 daAuts
     D:3: 949 daAuts
     D:2: 848 daAuts
     D:5: 699 daAuts
